 Dungeon Crawl Stone Soup version 0.29.0-4-gdea44cf6ec (webtiles) character file.

Game seed: 1974462379739472359

55081 keekatzer the Grappler (level 14, -12/152 HPs)
             Began as a Troll Transmuter on Aug 26, 2022.
             Was an Initiate of Jiyva.
             Killed from afar by a fire dragon (63 damage)
             ... with a blast of flame
             ... on level 5 of the Lair of Beasts.
             The game lasted 01:39:07 (11702 turns).

keekatzer the Grappler (Troll Transmuter)          Turns: 11702, Time: 01:39:08

Health: -12/152    AC: 10    Str: 21    XL:     14   Next: 37%
Magic:  25/29      EV: 14    Int: 13    God:    Jiyva [......]
Gold:   1093       SH:  5    Dex: 20    Spells: 12/23 levels left

rFire   x . .      SeeInvis .     - Unarmed
rCold   + + +      Faith    .   (shield currently unavailable)
rNeg    . . .      Spirit   .   (body armour currently unavailable)
rPois   +          Reflect  +   (helmet currently unavailable)
rElec   .          Harm     .   (cloak currently unavailable)
rCorr   .          Rampage  .   (gloves unavailable)
Will    +....                   (boots unavailable)
Stlth   ++........              J - amulet of reflection
HPRegen 1.15/turn               v - ring of Nacs {Drain MP+9 Int+4}
MPRegen 0.21/turn               S - +6 ring of dexterity

@: ice-form, wereblooded
A: freezing attack, amphibious, boosted hp, large, unfitting armour, (claws 3),
regeneration 1, (shaggy fur 1), (tough skin 1)
a: End Transformation, Renounce Religion


You were on level 5 of the Lair of Beasts.
You worshipped Jiyva.
Jiyva was noncommittal.
You were a creature of crystalline ice.
You visited 3 branches of the dungeon, and saw 16 of its levels.

You collected 1093 gold pieces.

Inventory:

Hand Weapons
 G - the +3 mace "Zaotetir" {protect, rC++ rN+}
   (You found it on level 5 of the Lair of Beasts)

   It grants its wielder temporary protection when it strikes (+7 to AC).
   rC:        It greatly protects you from cold.
   rN:        It protects you from negative energy.
Armour
 a - a +0 tower shield
 s - a +0 cloak (melded)
 M - a +2 robe of the Archmagi (melded)
 N - a scarf of repulsion
 T - an orb of energy (melded)
Jewellery
 o - a ring of see invisible
 v - the ring of Nacs (left front paw) {Drain MP+9 Int+4}
   (You acquired it on level 10 of the Dungeon)

   [ring of magical power]

   Int:       It affects your intelligence (+4).
   MP:        It affects your magic capacity (+9).
   Drain:     It drains your maximum health when unequipped.
 z - a ring of poison resistance
 J - an amulet of reflection (around neck)
 S - a +6 ring of dexterity (right front paw)
Wands
 w - a wand of iceblast (5)
 x - a wand of charming (21)
 I - a wand of mindburst (14)
 K - a wand of quicksilver (16)
 L - a wand of flame (10)
 R - a wand of polymorph (3)
Scrolls
 e - 5 scrolls of vulnerability
 f - 3 scrolls of silence
 m - 5 scrolls of torment
 p - a scroll of amnesia
 q - 2 scrolls of magic mapping
 t - 3 scrolls of enchant weapon
 u - 4 scrolls of enchant armour
 y - a scroll of fear
 D - a scroll of fog
 F - 4 scrolls of brand weapon
 H - a scroll of poison
Potions
 b - 5 potions of lignification
 c - 2 potions of brilliance
 d - 5 potions of heal wounds
 g - 4 potions of might
 h - 3 potions of mutation
 j - 4 potions of flight
 k - 2 potions of invisibility
 l - 4 potions of haste
 n - 3 potions of berserk rage
 r - 4 potions of magic
 A - 7 potions of curing {unknown}
 B - 2 potions of ambrosia
 C - 2 potions of attraction {unknown}
 E - a potion of resistance
 X - a potion of cancellation


   Skills:
 + Level 5.2 Fighting
 * Level 6.8 Dodging
 - Level 3.0 Shields
 * Level 10.5 Unarmed Combat
 - Level 5.0 Spellcasting
 + Level 9.8 Transmutations
 + Level 9.7 Ice Magic
 - Level 3.0 Earth Magic
 - Level 5.0 Invocations
 - Level 5.0 Evocations


You had 12 spell levels left.
You knew the following spells:

 Your Spells              Type           Power      Damage    Failure   Level
a - Beastly Appendage     Tmut           56%        N/A       1%          1
b - Wereblood             Tmut           28%        N/A       1%          2
c - Ice Form              Ice/Tmut       28%        N/A       3%          4
d - Petrify               Tmut/Erth      19%        N/A       14%         4

Your spell library contained the following spells:

 Spells                   Type           Power      Damage    Failure   Level
 Spider Form              Tmut/Pois      16%        N/A       8%          3
 Ignite Poison            Fire/Tmut/Pois 11%        N/A       14%         3
 Apportation              Tloc           6%         N/A       19%         1
 Magic Dart               Conj           12%        1d3       19%         1
 Necrotise                Necr           12%        1d4       19%         1
 Summon Small Mammal      Summ           12%        N/A       19%         1
 Searing Ray              Conj           6%         2d4       28%         2
 Sublimation of Blood     Necr           3%         N/A       28%         2
 Call Canine Familiar     Summ           3%         N/A       50%         3
 Mephitic Cloud           Conj/Pois/Air  3%         N/A       50%         3
 Summon Guardian Golem    Hex/Summ       3%         N/A       50%         3
 Vampiric Draining        Necr           3%         2d6       50%         3
 Alistair's Intoxication  Tmut/Pois      10%        N/A       56%         5
 Irradiate                Conj/Tmut      8%         3d14      56%         5
 Freezing Cloud           Conj/Ice/Air   5%         6-21      80%         5
 Fulminant Prism          Conj/Hex       1%         3d6       88%         4
 Agony                    Necr           3%         N/A       99%         5


Dungeon Overview and Level Annotations

Branches:
Dungeon (10/15)            Temple (1/1) D:5            Lair (5/5) D:9
  Swamp (0/4) Lair:2        Snake (0/4) Lair:2        Slime (0/5) Lair:5
    Orc: D:9-12

Altars:
Cheibriados
Elyvilon
Nemelex Xobeh
Okawaru
Qazlal
Ru
Trog
Uskayaw
Wu Jian
Xom
The Shining One
Jiyva

Shops:
D:4 [

Annotations:
Lair:4 1 transporter, Chadd's ghost, journeyman MiBe; Rupert


Innate Abilities, Weirdness & Mutations

You are a creature of crystalline ice.
You have a powerful freezing melee attack.
You are amphibious.
Your maximum health is increased.
Your armour is entirely melded.
You are incapable of wielding weapons or throwing items.
You are too large for most types of armour.
((You have claws for hands.))
Your natural rate of healing is unusually fast.
((You are covered in fur. (AC +1)))
((You have tough skin. (AC +1)))


Message History

You feel strangely numb.
You open the door. You punch the fire dragon! You freeze the fire dragon.
The fire dragon is lightly wounded.
The fire dragon breathes flames at you. The blast of flame hits you!!!
The fire burns you terribly!
You barely miss the fire dragon.
The fire dragon is lightly wounded.
The fire dragon misses you. The fire dragon claws you.
The fire dragon tramples you but does no damage.
You hit the fire dragon. You freeze the fire dragon.
The fire dragon is lightly wounded.
The fire dragon barely misses you. The fire dragon claws you.
The fire dragon misses you.
You punch the fire dragon! You freeze the fire dragon.
The fire dragon is moderately wounded.
You punch the fire dragon! You freeze the fire dragon!
The fire dragon is severely wounded.
The fire dragon breathes flames at you. The blast of flame hits you!!!
The fire burns you terribly!
You punch the fire dragon! You freeze the fire dragon.
The fire dragon is severely wounded.
The fire dragon bites you! The fire dragon closely misses you.
The fire dragon tramples you but does no damage.
You barely miss the fire dragon.
The fire dragon is severely wounded.
The fire dragon bites you. You block the fire dragon's attack.
The fire dragon barely misses you.
You hit the fire dragon. You freeze the fire dragon.
The fire dragon is almost dead.
The fire dragon closely misses you.
The fire dragon claws you but does no damage.
The fire dragon tramples you.
You stumble backwards!
You punch the fire dragon! You freeze the fire dragon.
The fire dragon is almost dead.
You barely miss the fire dragon.
The fire dragon is almost dead.
The fire dragon breathes flames at you. The blast of flame hits you!!!
The fire burns you terribly!
You die...

#......####
##...P.## #.P..#.#
###.....###$
#####..## ###P..#.
###.....##$$$
#....# ##...#
.......###$$$
##..### #.#...
.#.....# #$.$
##..## ####..
.......# $$###...#
##(.. .......#
#'#...## ####....
.......# ##D..##
#.#....# .P.....#
#.⌠Y### ###.....##
.PP....# ##....##
##.....#..#
.P.....#
###...###.....##...
.......#
##........#####.^
#......# ###.P.##.#
### ##.....#
######## #######


You could see a fire dragon (catching breath).

Vanquished Creatures
  A dire elephant (Lair:2)
  A hydra (Lair:1)
  A rakshasa (D:9)
  A boulder beetle (D:9)
  A centaur warrior (D:9)
  A catoblepas (Lair:5)
  9 death yaks
  3 bog bodies (Lair:2)
  2 lindwurms (Lair:5)
  Pikel (D:8)
  An oklob plant (Lair:3)
  A wolf spider (Lair:5)
  22 elephants
  A guardian serpent (Lair:5)
  6 black mambas
  An unseen horror (D:10)
  6 torpor snails
  Psyche (D:8)
  14 cane toads
  A rime drake (Lair:3)
  6 komodo dragons
  Maggie (D:10)
  A kobold demonologist (D:10)
  A troll (D:9)
  4 tyrant leeches (Lair:5)
  3 polar bears
  12 hornets
  8 blink frogs
  A shadow (D:9)
  A spriggan (Lair:2)
  15 wyverns
  37 yaks
  A wraith (D:9)
  A steam dragon (D:9)
  3 basilisks
  Edmund (D:6)
  2 redbacks (Lair:5)
  2 swamp worms (Lair:2)
  23 water moccasins
  A sky beast (D:7)
  A black bear (D:6)
  4 orc warriors
  An ice beast (D:6)
  An ogre (D:6)
  23 wolves
  3 centaurs
  3 lemures (D:8)
  Blork the orc (D:6)
  4 kobold brigands
  6 bullfrogs
  A gnoll sergeant (D:9)
  4 scorpions
  A necrophage (D:7)
  4 killer bees
  3 electric eels
  6 howler monkeys
  3 hounds
  6 orc priests
  2 iguanas (D:6)
  A gnoll bouda (D:7)
  3 orc wizards
  A hell rat (D:9)
  4 gnolls
  8 adders
  2 white imps
  2 ufetubi
  4 dart slugs
  29 orcs
  6 endoplasms
  7 giant cockroaches
  7 goblins
  7 hobgoblins
  6 jackals
  14 kobolds
  4 quokkas
  4 ball pythons
  6 bats
  3 frilled lizards
  5 rats
399 creatures vanquished.

Vanquished Creatures (collateral kills)
  An orc priest (D:6)
  4 orcs (D:6)
5 creatures vanquished.

Vanquished Creatures (others)
  A hydra (Lair:5)
  A cane toad (Lair:5)
  101 fungi
  135 plants
  4 toadstools (D:2)
242 creatures vanquished.

Grand Total: 646 creatures vanquished

Notes
Turn   | Place    | Note
-------+----------+-------------------------------------------
     0 | D:1      | keekatzer the Troll Transmuter began the quest for the Orb.
     0 | D:1      | Reached XP level 1. HP: 18/18 MP: 1/1
    47 | D:1      | Reached XP level 2. HP: 26/26 MP: 0/3
    63 | D:1      | Learned a level 2 spell: Wereblood
   303 | D:1      | Found a faded altar of an unknown god.
   380 | D:1      | Reached XP level 3. HP: 32/32 MP: 4/4
   691 | D:2      | Reached skill level 4 in Unarmed Combat
   958 | D:2      | Reached XP level 4. HP: 30/40 MP: 5/5
  1435 | D:3      | Reached XP level 5. HP: 46/46 MP: 2/6
  1461 | D:3      | Reached skill level 5 in Unarmed Combat
  1511 | D:3      | Reached skill level 1 in Fighting
  1804 | D:4      | Found Houheciss's Antique Armour Shoppe.
  2169 | D:5      | Entered Level 5 of the Dungeon
  2172 | D:5      | Found a staircase to the Ecumenical Temple.
  2196 | Temple   | Entered the Ecumenical Temple
  2204 | Temple   | Became a worshipper of Elyvilon the Healer
  2351 | D:5      | Reached XP level 6. HP: 47/55 MP: 5/7
  2399 | D:5      | Found a glowing golden altar of the Shining One.
  2656 | D:5      | Found a bloodstained altar of Trog.
  2656 | D:5      | Found a snail-covered altar of Cheibriados.
  2929 | D:6      | Reached skill level 1 in Ice Magic
  2967 | D:6      | Noticed an ice beast
  2973 | D:6      | Killed an ice beast
  2974 | D:6      | Reached XP level 7. HP: 62/62 MP: 5/9
  2992 | D:6      | Reached * piety under Elyvilon
  3006 | D:6      | Noticed Blork the orc
  3019 | D:6      | Killed Blork the orc
  3451 | D:6      | Reached XP level 8. HP: 70/70 MP: 8/10
  3456 | D:6      | Learned a level 4 spell: Ice Form
  3481 | D:6      | Noticed Edmund
  3494 | D:6      | Killed Edmund
  3762 | D:7      | Noticed a troll
  3834 | D:7      | Reached ** piety under Elyvilon
  4194 | D:7      | Reached skill level 5 in Transmutations
  4590 | D:8      | Reached XP level 9. HP: 65/76 MP: 9/12
  4615 | D:8      | Reached skill level 5 in Ice Magic
  4689 | D:8      | Paralysed by a hornet for 2 turns
  4944 | D:8      | Reached *** piety under Elyvilon
  5061 | D:8      | Noticed Pikel
  5176 | D:8      | Noticed Psyche
  5198 | D:8      | Killed Psyche
  5199 | D:8      | Reached skill level 1 in Invocations
  5356 | D:8      | Killed Pikel
  5605 | D:9      | Noticed a rakshasa
  5622 | D:10     | Entered Level 10 of the Dungeon
  5632 | D:10     | Identified a scroll of acquirement
  5633 | D:10     | Acquired the ring of Nacs {Drain MP+9 Int+4}
  5805 | D:10     | Reached XP level 10. HP: 85/85 MP: 15/15
  5850 | D:10     | Noticed Maggie
  5860 | D:10     | Killed Maggie
  5941 | D:10     | Reached skill level 1 in Shields
  5943 | D:10     | Reached skill level 6 in Unarmed Combat
  6140 | D:10     | Reached **** piety under Elyvilon
  6295 | D:9      | Killed a rakshasa
  6343 | D:9      | Noticed a centaur warrior
  6418 | D:9      | Killed a centaur warrior
  6506 | D:9      | Noticed a death yak
  6507 | D:9      | Noticed a boulder beetle
  6507 | D:9      | Noticed a death yak
  6507 | D:9      | Noticed a death yak
  6619 | D:9      | Killed a death yak
  6620 | D:9      | Reached XP level 11. HP: 40/96 MP: 12/16
  6698 | D:9      | Killed a death yak
  6724 | D:9      | Killed a death yak
  6757 | D:9      | Found a staircase to the Lair.
  6886 | D:9      | Killed a boulder beetle
  7076 | D:9      | Reached skill level 5 in Invocations
  7168 | Lair:1   | Entered Level 1 of the Lair of Beasts
  7242 | Lair:1   | Noticed a four-headed hydra
  7257 | Lair:1   | Killed a four-headed hydra
  7258 | Lair:1   | Reached skill level 1 in Evocations
  7305 | Lair:1   | Reached skill level 7 in Unarmed Combat
  7312 | Lair:1   | Reached ***** piety under Elyvilon
  7784 | Lair:2   | Reached XP level 12. HP: 58/105 MP: 18/18
  7828 | Lair:2   | Found a staircase to the Snake Pit.
  7974 | Lair:2   | Reached skill level 5 in Spellcasting
  8010 | Lair:2   | Found a staircase to the Swamp.
  8258 | Lair:2   | Noticed a dire elephant
  8410 | Lair:2   | Reached skill level 8 in Unarmed Combat
  8528 | Lair:2   | Killed a dire elephant
  8695 | Lair:3   | Noticed an eight-headed hydra
  8697 | Lair:3   | Pacified an eight-headed hydra
  8822 | Lair:3   | Reached skill level 5 in Evocations
  8832 | Lair:3   | Noticed a seven-headed hydra
  8839 | Lair:3   | Pacified a seven-headed hydra
  8840 | Lair:3   | Reached XP level 13. HP: 113/113 MP: 19/19
  9695 | Lair:4   | Reached skill level 5 in Dodging
  9718 | Lair:4   | Reached skill level 9 in Unarmed Combat
  9908 | Lair:4   | Found a transporter.
  9969 | Lair:4   | Noticed Chadd's ghost (journeyman MiBe)
  9992 | Lair:4   | Found a transporter.
 10003 | Lair:4   | Paralysed by a hornet for 1 turns
 10034 | Lair:4   | Learned a level 4 spell: Petrify
 10146 | Lair:5   | Entered Level 5 of the Lair of Beasts
 10193 | Lair:5   | Noticed Rupert
 10203 | Lair:4   | Paralysed by Rupert for 3 turns
 10427 | Lair:5   | Reached skill level 1 in Earth Magic
 10577 | Lair:5   | Identified the +3 mace "Zaotetir" {protect, rC++ rN+}
 10687 | Lair:5   | Reached XP level 14. HP: 98/124 MP: 20/20
 10720 | Lair:5   | Identified the +1 chain mail "Xaosacvi" {*Slow rElec rC+}
 10790 | Lair:4   | HP: 6/148 [black mamba (3)]
 10919 | Lair:5   | Reached skill level 10 in Unarmed Combat
 11086 | Lair:5   | Found a viscous altar of Jiyva.
 11086 | Lair:5   | Found a staircase to the Slime Pits.
 11172 | Lair:5   | Fell from the grace of Elyvilon
 11172 | Lair:5   | Became a worshipper of Jiyva Jonaj the Shapeless
 11354 | Lair:5   | Found a runed translucent door.
 11361 | Lair:5   | Reached skill level 5 in Fighting
 11702 | Lair:5   | Killed from afar by a fire dragon

Illustrated notes

Levels and vault maps discovered:
D:1:      lightli_arrival_maybe_door_vault, layout_loops_ring,
          shapermc_ecumenical_altar_mp_urbaneastern
D:2:      layout_basic, minmay_gold_behind_fungi
D:3:      layout_rooms
D:4:      layout_basic, serial_shops, nicolae_shop_stone
D:5:      layout_loops_ring, nicolae_tso_swordbearing_angel,
          nicolae_overflow_two_pavilions, minmay_temple_entry_proselytizer,
          minmay_misc_feat_x
D:6:      layout_loops_ring, lightli_minifort, uniq_blork_the_orc, uniq_edmund
D:7:      layout_layer_cave, minmay_stone_trees_small, minmay_quadrilaterals
D:8:      layout_loops_corners, uniq_pikel, uniq_psyche
D:9:      nzn_winding_woodlands_small [nzn_winding_woodlands_5x15_parted,
          nzn_winding_woodlands_center_diamonds,
          nzn_winding_woodlands_5x15_twine], layout_irregular_city,
          dpeg_lair_monsters
D:10:     layout_loops_cross, uniq_maggie
Temple:   compressed_dpeg_triangle_lava_temple
Lair:1:   layout_long_grid, minivault_19, st_stairs_7
Lair:2:   mu_elephants_graveyard, layout_misc_corridors,
          nicolae_swamp_entry_splash_gauntlet, guppyfry_snake_entry_garden,
          infiniplex_staircase_pool_2
Lair:3:   layout_roguey
Lair:4:   layout_cave_pods, gammafunk_ghost_hive, serial_bayou_pond_b,
          chequers_serial_rivers_room_b, beast_lair_carwin_9,
          grunt_megastairs_3, serial_bayou_shore_b
Lair:5:   wormcave, layout_hall_layers, hangedman_lair_tendril_chambers,
          slime_entry_1, uniq_rupert

Skill      XL: |  1  2  3  4  5  6  7  8  9 10 11 12 13 14 |
---------------+-------------------------------------------+-----
Unarmed Combat | 4 5 6 7 8 9 10 | 10.5
Dodging        | 2 3 4 6 |  6.8
Fighting       | 1 2 3 4 5 |  5.2
Transmutations | 2 3 5 6 7 8 9 |  9.8
Ice Magic      | 1 3 4 6 7 8 9 |  9.7
Spellcasting   | 2 3 4 5 |  5.0
Invocations    | 2 4 5 |  5.0
Shields        | 2 3 |  3.0
Evocations     | 2 5 |  5.0
Earth Magic    | 2 3 |  3.0

Action                   |  1- 3 |  4- 6 |  7- 9 | 10-12 | 13-15 || total
-------------------------+-------+-------+-------+-------+-------++-------
Melee: Unarmed           |   103 |   138 |   310 |   528 |   520 ||  1599
       Kick              |     1 |    13 |    29 |       |       ||    43
       Punch             |     5 |     2 |     6 |       |       ||    13
       Headbutt          |       |     4 |    19 |       |       ||    23
 Cast: Beastly Appendage |     1 |     8 |    19 |       |       ||    28
       Wereblood         |       |     1 |     7 |    15 |    18 ||    41
       Ice Form          |       |       |     3 |    31 |    25 ||    59
Invok: Purification      |       |       |     2 |       |     2 ||     4
       Heal Self         |       |       |       |     3 |    13 ||    16
       Heal Other        |       |       |       |     5 |     6 ||    11
Evoke: Wand              |       |       |     2 |       |       ||     2
  Use: Scroll            |       |       |    13 |     8 |     9 ||    30
       Potion            |       |       |     1 |       |     4 ||     5
 Stab: Sleeping          |     2 |     1 |       |       |       ||     3
       Petrified         |       |       |       |       |     4 ||     4
Armor: Robe              |    17 |    56 |    96 |    22 |     1 ||   192
       Skin              |       |       |     5 |   112 |   135 ||   252
Dodge: Dodged            |    38 |    72 |   111 |   215 |   321 ||   757
Block: Other             |       |       |    47 |    83 |   111 ||   241
       Reflection        |       |       |     2 |       |       ||     2
       Orb               |       |       |       |     2 |     5 ||     7
